 Dungeon Crawl Stone Soup version 0.25-a0-62-g88673ef095 (webtiles) character file.

Game seed: 4584129243568060519, levelgen mode: deterministic

13728 Amnesiac the Deadly Accurate (level 11, -13/92 HPs)
             Began as a Troll Hunter on Oct 30, 2019.
             Was an Elder of Okawaru.
             Mangled by a minotaur
             ... wielding the +10 dark maul {crush}
              (16 damage)
             ... in a Gauntlet.
             The game lasted 00:36:52 (10871 turns).

Amnesiac the Deadly Accurate (Troll Hunter)        Turns: 10871, Time: 00:36:52

Health: -13/92     AC: 15    Str: 25    XL:     11   Next: 79%
Magic:  5/7        EV: 12    Int: 12    God:    Okawaru [****..]
Gold:   1028       SH:  0    Dex: 10    Spells: 7/10 levels left

rFire    . . .     SeeInvis +     - Unarmed
rCold    + + .     Gourm    +   (no shield)
rNeg     + . .     Faith    .   N - +0 robe {rF+}
rPois    .         Spirit   .   r - +3 crown of Dyrovepreva {rElec Int+2 SInv}
rElec    +         Reflect  .   d - +1 cloak {MR+}
rCorr    .         Harm     .   (gloves unavailable)
MR       +....     NoTele   +   (boots unavailable)
Stlth    +++.......             P - macabre finger necklace {rN+}
HPRegen  0.65/turn              h - +4 ring of protection
MPRegen  0.10/turn              L - +4 ring of slaying
                                J - ring "Luosiet" {rElec rF- rC++ Int+3 SInv}

@: heroism
A: large, unfitting armour, claws 3, fast metabolism 3, gourmand, [low mp 2],
regeneration 1, shaggy fur 1, tough skin 3
a: Heroism, Renounce Religion


You were in a Gauntlet.
You worshipped Okawaru.
Okawaru was greatly pleased with you.
You were not hungry.

You visited 3 branches of the dungeon, and saw 14 of its levels.
You also visited: Gauntlet.

You collected 1053 gold pieces.
You spent 25 gold pieces at shops.

Inventory:

Hand Weapons
 b - a +1 hunting sling
 w - the +5 mace "Beoravosch" {crush, rPois MR+ Str+2}
   (You found it on level 5 of the Dungeon)

   It inflicts extra damage upon your enemies.
   It affects your strength (+2).
   It protects you from poison.
   It affects your resistance to hostile enchantments.
Missiles
 i - 80 sling bullets
 n - 261 stones
 B - 4 poisoned darts
 G - 2 silver javelins
 O - 5 boomerangs (quivered)
Armour
 d - a +1 cloak of magic resistance (worn)
 m - a scarf of cloud immunity
 r - the +3 crown of Dyrovepreva (worn) {rElec Int+2 SInv}
   (You found it on level 4 of the Dungeon)

   It affects your intelligence (+2).
   It insulates you from electricity.
   It lets you see invisible.
 N - a +0 robe of fire resistance (worn)
Jewellery
 h - a +4 ring of protection (left claw)
 k - an uncursed ring of protection from magic
 C - a +5 ring of intelligence
 J - the ring "Luosiet" (on amulet) {rElec rF- rC++ Int+3 SInv}
   (You found it in a Gauntlet)

   [ring of intelligence]

   It affects your intelligence (+3).
   It makes you vulnerable to fire.
   It greatly protects you from cold.
   It insulates you from electricity.
   It lets you see invisible.
 L - a +4 ring of slaying (right claw)
 M - an uncursed amulet of regeneration
 P - the macabre finger necklace (around neck) {rN+}
   (You found it in a Gauntlet)

   [amulet of nothing]

   It protects you from negative energy.
Wands
 o - a wand of acid (6)
 q - a wand of scattershot (8)
 I - a wand of flame (16)
Scrolls
 a - 2 scrolls of fog {!r}
 g - 8 scrolls of remove curse {!r}
 p - 2 scrolls of amnesia {!r}
 t - a scroll of blinking {!r}
 v - a scroll of noise {!r, unknown}
 y - a scroll of identify {!r}
 A - a scroll of vulnerability {!r}
 E - 5 scrolls of teleportation {!r}
Potions
 c - a potion of magic {!q}
 e - a potion of lignification {!q}
 j - 4 potions of might {!q}
 l - a potion of brilliance {!q}
 s - 2 potions of curing {!q}
 u - a potion of invisibility {!q}
 x - a potion of ambrosia {!q}
 z - a potion of cancellation {!q, unknown}
 D - a potion of agility {!q}
 F - 2 potions of heal wounds {!q}
 H - 2 potions of mutation {!q}
 K - a potion of flight {!q}
Comestibles
 f - 24 rations


   Skills:
 - Level 1.5(6.5) Fighting
 + Level 16.7(21.7) Throwing
 - Level 1.5(6.5) Dodging
 - Level 0.3(5.3) Stealth


You had 7 spell levels left.
You knew the following spells:

 Your Spells              Type           Power        Failure   Level  Hunger
a - Portal Projectile     Hex/Tloc       #.....       69%         3    ####...

Your spell library contained the following spells:

 Spells                   Type           Power        Failure   Level  Hunger
 Corona                   Hex            #......      32%         1    ##.....
 Slow                     Hex            #.......     45%         2    ###....
 Inner Flame              Hex/Fire       #.......     69%         3    ####...
 Cause Fear               Hex            #.........   97%         4    #####..
 Leda's Liquefaction      Hex/Erth       #.........   97%         4    #####..
 Bolt of Magma            Conj/Fire/Erth #.........   100%        5    ######.
 Iskenderun's Battlesphe  Conj/Chrm      #.......     100%        5    ######.
 Venom Bolt               Conj/Pois      #.........   100%        5    ######.
 Iron Shot                Conj/Erth      #.........   100%        6    #######
 Orb of Destruction       Conj           #.........   100%        7    #######
 Spellforged Servitor     Conj/Summ      #.........   100%        7    #######


Dungeon Overview and Level Annotations

Branches:
Dungeon (11/15)            Temple (1/1) D:7            Lair (0/6) D:11
    Orc (2/2) D:9             Elf (0/3) Orc:2       Gauntlet (1/1)

Altars:
Ashenzari
Cheibriados
Dithmenos
Elyvilon
Fedhas
Gozag
Hepliaklqana
Kikubaaqudgha
Makhleb
Nemelex Xobeh
Okawaru
Qazlal
Ru
Sif Muna
Trog
Uskayaw
Vehumet
Wu Jian
Xom
Yredelemnul
Zin
The Shining One

Shops:
D:6 [%*

Annotations:
D:3 2 transporters, Nico3ck's ghost, amateur DsBe
D:8 1 runed translucent door, nikopol's ghost, novice DEFE
D:11 Sonja
Orc:1 Jorgrun Gauntlet 12 transporters, exclusion: orange crystal statue


Innate Abilities, Weirdness & Mutations

You are too large for most types of armour.
You have claws for hands.
Your metabolism is lightning-fast.
You like to eat raw meat.
Your natural rate of healing is unusually fast.
You are covered in fur. (AC +1)
You have extremely tough skin. (AC +3)
[Your magical capacity is very low. (-20% MP)]


Message History

You throw a boomerang. The boomerang hits the wretched star.
The wretched star is moderately damaged.
The wretched star pulses with an eldritch light!
You feel less energetic. x2
Throwing (i - inventory. (/) - cycle)
O - 5 boomerangs (quivered)
Press: ? - help, Shift-Dir - straight line, f/p - wretched star
Aim: a wretched star (moderately damaged)
You throw a boomerang.
The boomerang completely misses the wretched star.
Throwing (i - inventory. (/) - cycle)
O - 5 boomerangs (quivered)
Press: ? - help, Shift-Dir - straight line, f/p - wretched star
Aim: a wretched star (moderately damaged)
You throw a boomerang.
The boomerang closely misses the wretched star.
The wretched star glows turbulently.
The orb of energy hits you!
Throwing (i - inventory. (/) - cycle)
O - 5 boomerangs (quivered)
Press: ? - help, Shift-Dir - straight line, f/p - wretched star
Aim: a wretched star (moderately damaged)
You throw a boomerang.
The boomerang barely misses the wretched star.
Throwing (i - inventory. (/) - cycle)
O - 5 boomerangs (quivered)
Press: ? - help, Shift-Dir - straight line, f/p - wretched star
Aim: a wretched star (moderately damaged)
You throw a boomerang. The boomerang hits the wretched star!
The wretched star is heavily damaged.
Throwing (i - inventory. (/) - cycle)
O - 5 boomerangs (quivered)
Press: ? - help, Shift-Dir - straight line, f/p - wretched star
Aim: a wretched star (heavily damaged)
You throw a boomerang. The boomerang hits the wretched star!!!
You destroy the wretched star!
Okawaru accepts your kill.
Your life force feels restored.
You feel like a meek peon again.
G - 2 silver javelins
J - a brightly glowing brass ring HP restored.
There is a transporter here.
H - 2 potions of mutation {!q} (gained 1)
P - the macabre finger necklace {rN+} Partly explored, unvisited transporter.
Partly explored, unvisited transporter.
Partly explored, unvisited transporter.
There is a transporter here.
You remove your amulet of regeneration.
P - the macabre finger necklace (around neck) {rN+} You feel clever.
J - the ring "Luosiet" (on amulet) {rElec rF- rC++ Int+3 SInv} Drop what? 42/52 slots (_ for help) (? for menu, Esc to quit)
Okay, then.
You enter the transporter and appear at another place.
You open the door.
A minotaur comes into view.
It is wielding the +10 dark maul {crush}.
The minotaur bellows!
Found a fan of gales.
Found a gate leading back out of this place.
You gain the combat prowess of a mighty hero.
You can no longer speed up your combat.
Okawaru will no longer gift you equipment.
The minotaur hits you with the +10 dark maul {crush}!!!
Ouch! That really hurt!
* * * LOW HITPOINT WARNING * * *
x2 The minotaur gores you!
You die...

##### ≈≈≈ ≈∩≈ ... ##.##
... #######H#######
#......@......#
#.###.###.###.#
#.###.###.###.#
#.............#
###.###.###.###
#####.###.###.#####
#≈...............≈# ###
####8..©.©.©.©.©.©..8####
### #8#
#8##§...............≈##8#
#8#


You could see a minotaur.

Vanquished Creatures
  An ogre mage (Orc:2)
  A soul eater (Gauntlet)
  A wretched star (Gauntlet)
  A cyclops (Orc:1)
  Maurice (D:9)
  An efreet (D:11)
  Grinder (D:3)
  A hornet (D:11)
  6 slime creatures (D:10)
  A hippogriff (D:8)
  A centaur simulacrum (Gauntlet)
  A shadow (D:11)
  A wraith (D:10)
  4 yaks
  A human (D:8)
  4 hogs (D:8)
  Eustachio (D:5)
  4 vampire mosquitoes (D:11)
  A warg (Orc:2)
  A water moccasin (D:10)
  6 porcupines (D:11)
  8 orc warriors
  2 phantoms (D:5)
  3 ice beasts
  6 ogres
  3 black bears
  8 centaurs
  8 bullfrogs
  4 scorpions
  A hornet simulacrum (Gauntlet)
  14 killer bees
  11 wights
  2 howler monkeys (D:7)
  3 crimson imps
  4 bullfrog zombies
  9 orc priests
  Crazy Yiuf (D:5)
  A hound (D:9)
  2 bullfrog skeletons
  3 jellies
  3 iguanas
  4 worker ants
  13 orc wizards
  A killer bee zombie (D:6)
  A bullfrog simulacrum (Gauntlet)
  A hound skeleton (D:4)
  A howler monkey zombie (D:9)
  Robin (D:3)
  14 adders
  8 shadow imps
  An adder zombie (D:9)
  4 worms
  3 dart slugs
  5 leopard geckos
  45 orcs
  2 ball pythons
  10 giant cockroaches
  15 goblins
  10 hobgoblins
  5 jackals
  6 quokkas
  3 bats
  8 frilled lizards
  11 kobolds
  A quokka skeleton (D:8)
  13 rats
322 creatures vanquished.

Vanquished Creatures (others)
  A small abomination (Gauntlet)
  An orc (D:9)
  7 fungi
  4 plants
13 creatures vanquished.

Grand Total: 335 creatures vanquished

Notes
Turn   | Place    | Note
-------+----------+-------------------------------------------
     0 | D:1      | Amnesiac the Troll Hunter began the quest for the Orb.
     0 | D:1      | Reached XP level 1. HP: 19/19 MP: 0/0
   134 | D:1      | Reached skill level 4 in Throwing
   156 | D:1      | Reached XP level 2. HP: 27/27 MP: 1/1
   328 | D:2      | Reached XP level 3. HP: 33/33 MP: 2/2
   544 | D:1      | Reached skill level 5 in Throwing
   722 | D:3      | Reached XP level 4. HP: 41/41 MP: 3/3
   782 | D:3      | Found a transporter.
   840 | D:3      | Found an ancient bone altar of Kikubaaqudgha.
   901 | D:3      | Found a transporter.
   943 | D:3      | Noticed Grinder
   961 | D:3      | Killed Grinder
   961 | D:3      | Reached skill level 6 in Throwing
   961 | D:3      | Reached XP level 5. HP: 37/48 MP: 4/4
   961 | D:3      | Reached XP level 6. HP: 42/55 MP: 5/5
   975 | D:3      | Noticed Nico3ck's ghost (amateur DsBe)
   985 | D:3      | Noticed Robin
   997 | D:3      | Killed Robin
  1081 | D:3      | Reached skill level 7 in Throwing
  1394 | D:4      | Found the +3 crown of Dyrovepreva {rElec Int+2 SInv}
  1688 | D:4      | Reached XP level 7. HP: 62/62 MP: 6/6
  1828 | D:4      | Reached skill level 8 in Throwing
  2058 | D:5      | Entered Level 5 of the Dungeon
  2217 | D:5      | Reached skill level 9 in Throwing
  2651 | D:5      | Reached XP level 8. HP: 70/70 MP: 7/7
  2737 | D:5      | Noticed Eustachio
  2784 | D:5      | Killed Eustachio
  2903 | D:5      | Found a runed translucent door.
  2905 | D:5      | Noticed Crazy Yiuf
  2911 | D:5      | Killed Crazy Yiuf
  2924 | D:5      | Got a twisted mace
  3101 | D:5      | Identified the +5 mace "Beoravosch" {crush, rPois MR+
                  | Str+2} (You found it on level 5 of the Dungeon)
  3112 | D:5      | Reached skill level 10 in Throwing
  3285 | D:6      | Found a hazy altar of Hepliaklqana.
  3323 | D:6      | Found Husoqenu's Assorted Antiques.
  3349 | D:6      | Bought an orange potion for 25 gold pieces
  3510 | D:6      | Found Fimm's Food Shop.
  3626 | D:6      | Found Taczit's Armour Emporium.
  3800 | D:6      | Reached skill level 11 in Throwing
  4110 | D:7      | Reached XP level 9. HP: 73/76 MP: 8/8
  4625 | D:7      | Found a staircase to the Ecumenical Temple.
  4776 | Gauntlet | Identified a paperback manual
  4776 | Temple   | Entered the Ecumenical Temple
  5246 | D:2      | Found a glowing golden altar of the Shining One.
  6267 | D:8      | Reached skill level 12 in Throwing
  6433 | D:8      | Found a stormy altar of Qazlal.
  6662 | D:8      | Reached skill level 13 in Throwing
  6815 | D:8      | Found a runed translucent door.
  6815 | D:8      | Noticed nikopol's ghost (novice DEFE)
  6972 | D:8      | Reached XP level 10. HP: 54/85 MP: 9/9
  7427 | D:9      | Found an iron altar of Okawaru.
  7427 | D:9      | Found an opulent altar of Gozag.
  7437 | D:9      | Found a faded altar of an unknown god.
  7440 | D:9      | Became a worshipper of Warmaster Okawaru
  7444 | D:9      | Found a bloodstained altar of Trog.
  7445 | D:9      | Found a faded altar of an unknown god.
  7508 | D:9      | Found a staircase to the Orcish Mines.
  7565 | D:9      | Learned a level 3 spell: Portal Projectile
  7910 | Orc:1    | Entered Level 1 of the Orcish Mines
  8135 | Orc:2    | Entered Level 2 of the Orcish Mines
  8135 | Orc:2    | Noticed a cyclops
  8147 | Orc:1    | Killed a cyclops
  8147 | Orc:1    | Reached * piety under Okawaru
  8147 | Orc:1    | Reached skill level 14 in Throwing
  8360 | Orc:2    | Found a staircase to the Elven Halls.
  8624 | Orc:2    | Noticed an ogre mage
  8626 | Orc:2    | Noticed a two-headed ogre
  8643 | Orc:2    | Killed an ogre mage
  8643 | Orc:2    | Reached ** piety under Okawaru
  8748 | Orc:1    | Noticed Jorgrun
  8813 | D:10     | Entered Level 10 of the Dungeon
  8829 | D:10     | Reached skill level 15 in Throwing
  8920 | D:10     | Noticed Maurice
  8928 | D:10     | Reached XP level 11. HP: 63/92 MP: 10/10
  8931 | D:10     | Reached *** piety under Okawaru
  8943 | D:9      | Killed Maurice
  9501 | D:10     | Found a shadowy altar of Dithmenos.
  9687 | D:10     | Received a gift from Okawaru
  9709 | D:10     | Found a transporter.
  9709 | D:10     | Found a transporter.
  9722 | D:10     | Got a smoking wooden ring
  9773 | D:10     | Identified the ring of Descent {*Drain Str+7 Stlth-} (You
                  | found it on level 10 of the Dungeon)
 10034 | D:11     | Reached skill level 16 in Throwing
 10050 | D:11     | Reached **** piety under Okawaru
 10067 | D:11     | Found a staircase to the Lair.
 10116 | D:11     | Noticed Sonja
 10164 | D:11     | Paralysed by a hornet for 3 turns
 10177 | D:11     | Found a gate leading to a gauntlet.
 10183 | Gauntlet | Entered a Gauntlet
 10183 | Gauntlet | Found a transporter.
 10228 | Gauntlet | Found a transporter.
 10243 | Gauntlet | Found a transporter.
 10248 | Gauntlet | Found a transporter.
 10268 | Gauntlet | Found a transporter.
 10270 | Gauntlet | Noticed an entropy weaver
 10282 | Gauntlet | Found a transporter.
 10284 | Gauntlet | Noticed an entropy weaver
 10294 | Gauntlet | Found a transporter.
 10294 | Gauntlet | Noticed an orange crystal statue
 10306 | Gauntlet | Found a transporter.
 10308 | Gauntlet | Noticed a wretched star
 10311 | Gauntlet | Found the macabre finger necklace {rN+}
 10318 | Gauntlet | Found a transporter.
 10318 | Gauntlet | Noticed a hell hog
 10330 | Gauntlet | Found the +0 pair of fencer's gloves {Riposte Dex+3}
 10330 | Gauntlet | Found a transporter.
 10330 | Gauntlet | Noticed a balrug
 10336 | Gauntlet | Found a transporter.
 10358 | Gauntlet | Found a transporter.
 10375 | Gauntlet | Found a transporter.
 10376 | Gauntlet | Noticed a soul eater
 10400 | Gauntlet | Found a transporter.
 10402 | Gauntlet | Found a transporter.
 10502 | Gauntlet | Found a transporter.
 10522 | Gauntlet | Found a transporter.
 10705 | Gauntlet | Found a transporter.
 10745 | Gauntlet | Killed a soul eater
 10745 | Gauntlet | Reached ***** piety under Okawaru
 10745 | Gauntlet | Received a gift from Okawaru
 10819 | Gauntlet | Killed a wretched star
 10832 | Gauntlet | Got a brightly glowing brass ring
 10849 | Gauntlet | Identified the ring "Luosiet" {rElec rF- rC++ Int+3 SInv}
                  | (You found it in a Gauntlet)
 10870 | Gauntlet | Noticed a minotaur
 10871 | Gauntlet | HP: 3/92 [minotaur/the +10 dark maul {crush} (22)]
 10871 | Gauntlet | Mangled by a minotaur

Levels and vault maps discovered:
D:1:      wander_arrival_chamber, layout_loops_ring, minmay_tripent
D:2:      layout_rooms, tso_metal_star, minmay_misc_feat_pillars
D:3:      layout_rooms, old_standard_altar, gammafunk_ghost_stat_death,
          uniq_grinder, uniq_robin
D:4:      layout_rooms, first_ration
D:5:      layout_gridville, hangedman_decor_growths, uniq_crazy_yiuf_cottage,
          uniq_eustachio
D:6:      layout_basic, lemuel_round_altar, serial_shops, nicolae_shop_trees,
          shop_fountains, nicolae_shop_overgrown_old_shop
D:7:      layout_basic, minmay_temple_entry_enclosed_plants
D:8:      layout_cave_pods, overflow_temple_1_default, gammafunk_ghost_grave,
          grunt_livestock, grunt_ministairs_12
D:9:      layout_big_octagon, chequers_temple_overflow_minitemple, orc_0_dummy
D:10:     gammafunk_jiyva_shrine, layout_basic, lemuel_centaur_altar,
          uniq_maurice
D:11:     layout_roguey, due_lair_maze_entry_diamond, gauntlet_entry_generic,
          palyth_stone_intersect, uniq_sonja
Temple:   regret_index_temple_waves
Orc:1:    layout_diamond_mine, uniq_jorgrun
Orc:2:    st_orc_ogre_mass, layout_diamond_mine, serial_shops, shop,
          hangedman_minor_magic
Gauntlet: gammafunk_gauntlet_one_two_three
          [gammafunk_gauntlet_arena_split_diamond,
          nicolae_gauntlet_arena_grate_2, gammafunk_gauntlet_arena_crates,
          gammafunk_gauntlet_arena_corners, nicolae_gauntlet_arena_x,
          nicolae_gauntlet_swirl, nicolae_gauntlet_arena_blocks,
          gammafunk_gauntlet_arena_mazey, gammafunk_gauntlet_arena_chambers,
          gauntlet_exit_watery]

Skill      XL: |  1  2  3  4  5  6  7  8  9 10 11 |
---------------+----------------------------------+-----
Throwing       | 4 5 6 7 9 11 13 15 16 | 16.7
Fighting       | |  1.5
Dodging        | |  1.5
Stealth        | |  0.3

Action                   |  1- 3 |  4- 6 |  7- 9 | 10-12 || total
-------------------------+-------+-------+-------+-------++-------
Melee: Unarmed           |   126 |   124 |   201 |    15 ||   466
 Fire: Hunting sling     |       |       |    17 |       ||    17
Throw: Large rock        |     1 |     4 |    32 |     6 ||    43
       Dart              |       |    56 |   158 |     5 ||   219
       Throwing net      |       |     1 |     2 |       ||     3
       Stone             |       |     3 |   177 |   295 ||   475
       Boomerang         |       |       |     7 |   169 ||   176
       Javelin           |       |       |       |    11 ||    11
Invok: Heroism           |       |       |       |     6 ||     6
Evoke: Wand              |       |       |       |     3 ||     3
  Use: Scroll            |       |       |    10 |    12 ||    22
       Potion            |       |       |       |     7 ||     7
 Stab: Sleeping          |     3 |       |       |       ||     3
       Held in net/web   |       |       |     1 |       ||     1
  Eat: Chunk             |    12 |     9 |    47 |    27 ||    95
Armor: Robe              |    42 |    61 |   168 |   124 ||   395
       Skin              |       |       |       |     8 ||     8
Dodge: Dodged            |    72 |    57 |   176 |   135 ||   440

Table legend:
 A = Non-vault XP
 B = Vault XP
 C = Vault XP percentage of total XP
 D = Non-vault monster count
 E = Vault monster count
 F = Vault count percentage of total count
                 A         B        C        D         E       F
            +---------+---------+-------+---------+---------+-------
      Total |   12330 |    7282 |  37.1 |     268 |      54 |  16.8
            +---------+---------+-------+---------+---------+-------
        D:1 |      48 |       4 |   7.7 |      28 |       2 |   6.7
        D:2 |      93 |       0 |   0.0 |      27 |       0 |   0.0
        D:3 |     184 |     329 |  64.1 |      24 |      14 |  36.8
        D:4 |     407 |       0 |   0.0 |      16 |       0 |   0.0
        D:5 |     727 |     223 |  23.5 |      20 |       2 |   9.1
        D:6 |     641 |       0 |   0.0 |      20 |       0 |   0.0
        D:7 |     982 |       0 |   0.0 |      22 |       0 |   0.0
        D:8 |    1385 |    1087 |  44.0 |      25 |       7 |  21.9
        D:9 |     985 |     496 |  33.5 |      18 |       1 |   5.3
       D:10 |    2641 |     971 |  26.9 |      19 |       6 |  24.0
       D:11 |    2369 |    1061 |  30.9 |      17 |       8 |  32.0
      Orc:1 |    1262 |       0 |   0.0 |      22 |       0 |   0.0
      Orc:2 |     606 |    1143 |  65.4 |      10 |       5 |  33.3
   Gauntlet |       0 |    1968 | 100.0 |       0 |       9 | 100.0
            +---------+---------+-------+---------+---------+-------
